 Dungeon Crawl Stone Soup version 0.24-a0-582-g4d4af813a0 (webtiles) character file.

Game seed: 2182846150033843629

1032 Becky the Insei (level 8, -7/59 HPs)
             Began as a Merfolk Transmuter on Aug 26, 2019.
             Was an Initiate of Cheibriados.
             Killed from afar by Ijyb (15 damage)
             ... with a bolt of acid
             ... on level 5 of the Dungeon.
             The game lasted 00:20:29 (4372 turns).

Becky the Insei (Merfolk Transmuter)                Turns: 4372, Time: 00:20:30

Health: -7/59      AC: -6    Str: 12    XL:     8   Next: 23%
Magic:  4/12       EV: 25    Int: 14    God:    Cheibriados [......]
Gold:   177        SH:  0    Dex: 19    Spells: 2/13 levels left

rFire    . . .     SeeInvis .     - Unarmed
rCold    . . .     Gourm    .   (shield currently unavailable)
rNeg     . . .     Faith    .   (armour currently unavailable)
rPois    x         Spirit   .   (helmet currently unavailable)
rElec    .         Reflect  .   (cloak currently unavailable)
rCorr    .         Harm     .   (gloves currently unavailable)
MR       .....                  (boots currently unavailable)
Stlth    ++........             (no amulet)
HPRegen  0.19/turn              g - -2 ring of dexterity (curse)
MPRegen  0.13/turn              C - ring of flight

@: spider-form, corroded, very slightly contaminated, studying Fire Magic,
invisible, very slow
A: tiny, (change form in water), (swift swim), (stealthy swim)
a: End Transformation, Bend Time, Renounce Religion, Evoke Flight


You were on level 5 of the Dungeon.
You worshipped Cheibriados.
Cheibriados was noncommittal.
You were not hungry.
You were a venomous arachnid creature.
You visited 2 branches of the dungeon, and saw 6 of its levels.

You collected 249 gold pieces.
You spent 72 gold pieces at shops.

Inventory:

Missiles
 a - 56 arrows
Armour
 f - a +0 ring mail
 m - a +0 leather armour (melded)
 q - a +0 cloak (melded)
 t - a +0 helmet (melded)
 A - a +1 hat
Jewellery
 g - a cursed -2 ring of dexterity (left front leg)
 C - a ring of flight (right front leg)
Scrolls
 c - 3 scrolls of amnesia
 e - a scroll of immolation {unknown}
 l - 3 scrolls of blinking {unknown}
 n - a scroll of magic mapping {unknown}
 o - a scroll of random uselessness {unknown}
 p - 2 scrolls of remove curse {unknown}
 s - 2 scrolls of teleportation
 u - a scroll of noise {unknown}
 v - a scroll of identify
 x - a scroll of enchant weapon {unknown}
Potions
 b - a potion of curing
 h - a potion of haste {unknown}
 i - a potion of mutation {unknown}
 j - a potion of cancellation
 r - 2 potions of ambrosia
 w - a potion of resistance {unknown}
 z - a potion of heal wounds {unknown}
 B - a potion of degeneration {unknown}
 D - a potion of might
 E - a potion of brilliance {unknown}
Books
 y - a manual of Fire Magic
Comestibles
 d - 3 rations


   Skills:
 - Level 3.6 Fighting
 + Level 6.1 Dodging
 + Level 6.5 Unarmed Combat
 - Level 3.1 Spellcasting
 - Level 6.2 Transmutations
 - Level 2.2 Poison Magic
 + Level 0.0 Invocations


You had 2 spell levels left.
You knew the following spells:

 Your Spells              Type           Power        Failure   Level  Hunger
a - Spider Form           Tmut/Pois      ##........   26%         3    ###....
b - Sticks to Snakes      Tmut           ###.....     10%         2    ##.....
c - Beastly Appendage     Tmut           ###...       7%          1    #......
d - Blade Hands           Tmut           ###.......   63%         5    ######.

Your spell library contained the following spells:

 Spells                   Type           Power        Failure   Level  Hunger
 Ice Form                 Ice/Tmut       ##......     73%         4    #####..


Dungeon Overview and Level Annotations

Branches:
Dungeon (5/15)             Temple (1/1) D:5

Altars:
Cheibriados
Dithmenos
Fedhas
Gozag
Hepliaklqana
Kikubaaqudgha
Makhleb
Nemelex Xobeh
Qazlal
Ru
Trog
Uskayaw
Vehumet
Xom
Yredelemnul
Zin
The Shining One

Shops:
D:4 *?[

Annotations:
D:5 Ijyb, Menkaure


Message History

Your ball python is splashed with acid.
The acid corrodes your ball python!
Your ball python dies!
Casting: Sticks to Snakes (safe; 3% risk of failure)
Confirm with . or Enter, or press ? or * to list all spells.
You miscast Spider Form.
Multicoloured lights dance before your eyes!
Ijyb barely misses you.
Unknown command.
Casting: Spider Form (safe; 14% risk of failure)
Confirm with . or Enter, or press ? or * to list all spells.
You turn into a venomous arachnid creature.
Your +0 cloak melds into your body.
Your +0 helmet melds into your body.
Your +0 leather armour melds into your body.
Ijyb zaps a wand.
The bolt of acid hits you!! The acid corrodes you!
You are splashed with acid!
* * * LOW HITPOINT WARNING * * *
You hit Ijyb.
Ijyb is poisoned.
Ijyb is lightly wounded.
Ijyb zaps a wand.
The bolt of acid hits you!
You die...

####### #########
#.......# #########.#
#.#
#.......#.#####.#####
#.###...............#
#.# #..##.#####.###.#
#.##...##.#####.# #.#
#.##.#.##....sg.# .g.
###.##.#.##########.#.##
#........[...######.#.#
##.####..####.....## #..
.#.####..####.....# ##.
......#..#........# .
.#.##.#.W#M##.....#
##.......#S##.....#
####.#.......##### ###


You could see Ijyb.

Vanquished Creatures
  An ice beast (D:4)
  A sky beast (D:5)
  A phantom (D:5)
  A bullfrog (D:4)
  3 crimson imps
  An orc priest (D:3)
  A centaur skeleton (D:5)
  2 hounds
  Terence (D:3)
  An iguana (D:5)
  2 worker ants
  A hound skeleton (D:3)
  A worker ant zombie (D:5)
  7 adders
  An ooze (D:1)
  An adder zombie (D:5)
  2 adder skeletons
  A worm (D:3)
  9 leopard geckos
  12 orcs
  A ball python (D:2)
  5 giant cockroaches
  7 goblins
  6 hobgoblins
  10 jackals
  7 kobolds
  3 quokkas
  4 bats
  6 frilled lizards
  A leopard gecko zombie (D:5)
  6 rats
  A fungus (D:3)
107 creatures vanquished.

Vanquished Creatures (collateral kills)
  Sigmund (D:4)
  Crazy Yiuf (D:3)
  2 adders
  A dart slug (D:4)
  A leopard gecko (D:2)
6 creatures vanquished.

Grand Total: 113 creatures vanquished

Notes
Turn   | Place    | Note
-------+----------+-------------------------------------------
     0 | D:1      | Becky the Merfolk Transmuter began the quest for the Orb.
     0 | D:1      | Reached XP level 1. HP: 15/15 MP: 3/3
   269 | D:1      | Reached XP level 2. HP: 18/21 MP: 3/5
   368 | D:1      | Reached XP level 3. HP: 25/26 MP: 4/6
   633 | D:2      | Reached XP level 4. HP: 15/32 MP: 7/7
   642 | D:2      | Learned a level 2 spell: Sticks to Snakes
   646 | D:2      | Learned a level 3 spell: Spider Form
   704 | D:2      | Found a shimmering altar of Xom.
   717 | D:2      | Noticed an angel
   721 | D:2      | Found a basalt altar of Yredelemnul.
   721 | D:2      | Found a glowing silver altar of Zin.
   950 | D:2      | Reached skill level 1 in Poison Magic
   996 | D:2      | Found a faded altar of an unknown god.
  1233 | D:3      | Reached XP level 5. HP: 32/37 MP: 4/8
  1354 | D:3      | Reached skill level 5 in Transmutations
  1411 | D:3      | Found a burning altar of Makhleb.
  1510 | D:4      | Found Zefeaw's Armour Boutique.
  1542 | D:4      | Noticed an ice beast
  1550 | D:4      | Reached skill level 5 in Unarmed Combat
  1550 | D:4      | Reached XP level 6. HP: 17/43 MP: 5/9
  1748 | D:3      | Found a runed translucent door.
  1749 | D:3      | Noticed Crazy Yiuf
  1810 | D:3      | Killed Crazy Yiuf
  1830 | D:3      | Noticed Terence
  1848 | D:3      | Killed Terence
  1875 | D:3      | Found a burning altar of Makhleb.
  1984 | D:4      | Found Jegifeghi's General Store.
  2004 | D:4      | Noticed Sigmund
  2027 | D:4      | Killed Sigmund
  2027 | D:4      | Reached XP level 7. HP: 7/48 MP: 2/11
  2034 | D:4      | Bought a potion of curing for 36 gold pieces
  2142 | D:4      | Found Ekuo's Magic Scroll Shoppe.
  2156 | D:4      | Bought a scroll of teleportation for 36 gold pieces
  2235 | D:5      | Entered Level 5 of the Dungeon
  2292 | D:5      | Found a staircase to the Ecumenical Temple.
  2301 | Temple   | Entered the Ecumenical Temple
  2556 | D:5      | Reached skill level 5 in Dodging
  2746 | D:5      | Noticed Menkaure
  3128 | D:4      | Found an ancient bone altar of Kikubaaqudgha.
  3182 | D:5      | Reached XP level 8. HP: 54/58 MP: 8/12
  3186 | D:5      | Found a snail-covered altar of Cheibriados.
  3198 | D:5      | Became a worshipper of Cheibriados the Contemplative
  4134 | D:5      | Found a radiant altar of Vehumet.
  4135 | D:5      | Found a hazy altar of Hepliaklqana.
  4325 | D:5      | Learned a level 5 spell: Blade Hands
  4359 | D:5      | Noticed Ijyb
  4372 | D:5      | Killed from afar by Ijyb

Levels and vault maps discovered:
D:1:      sevenhm_arrival_forest_fort_small_1, layout_basic
D:2:      layout_basic, grunt_temple_overflow_order_and_chaos_1,
          lemuel_crystal_altar, chequers_ecumenical_altar_simple_redux,
          first_ration
D:3:      layout_loops_ring, lightli_temple_of_fire, bloody_makhleb,
          uniq_crazy_yiuf_cottage, uniq_terence
D:4:      layout_basic, kennysheep_mini, serial_shops, shop, shop,
          shop_fountains, portal_sewer_entry_d, minmay_manual_moon, uniq_sigmund
D:5:      layout_loops_cross, old_standard_altar, minitemple,
          minmay_temple_entry_stoned_glass, uniq_menkaure, uniq_ijyb
Temple:   jpeg_temple_island

Skill      XL: |  1  2  3  4  5  6  7  8 |
---------------+-------------------------+-----
Transmutations | 3 4 5 6 |  6.2
Unarmed Combat | 4 5 6 |  6.5
Poison Magic   | 1 2 |  2.2
Dodging        | 3 4 5 6 |  6.1
Spellcasting   | 3 |  3.1
Fighting       | 3 |  3.6

Action                   |  1- 3 |  4- 6 |  7- 9 || total
-------------------------+-------+-------+-------++-------
Melee: Unarmed           |   111 |   138 |   187 ||   436
       Headbutt          |     8 |     1 |       ||     9
       Punch             |       |       |     1 ||     1
 Cast: Beastly Appendage |     7 |     2 |       ||     9
       Sticks to Snakes  |       |     8 |     8 ||    16
       Spider Form       |       |     8 |    14 ||    22
 Abil: End Transformatio |       |     2 |     2 ||     4
  Use: Scroll            |     1 |     3 |     2 ||     6
       Potion            |       |     2 |     2 ||     4
 Stab: Sleeping          |     1 |       |       ||     1
  Eat: Ration            |       |     2 |     3 ||     5
       Chunk             |       |       |     3 ||     3
Armor: Robe              |    11 |       |       ||    11
       Ring mail         |    24 |    20 |       ||    44
       Skin              |       |     1 |     3 ||     4
       Leather armour    |       |    10 |    26 ||    36
Dodge: Dodged            |    78 |   120 |   143 ||   341

Table legend:
 A = Non-vault XP
 B = Vault XP
 C = Vault XP percentage of total XP
 D = Non-vault monster count
 E = Vault monster count
 F = Vault count percentage of total count
                 A         B        C        D         E       F
            +---------+---------+-------+---------+---------+-------
      Total |     927 |     548 |  37.2 |     103 |       9 |   8.0
            +---------+---------+-------+---------+---------+-------
        D:1 |      55 |       0 |   0.0 |      27 |       0 |   0.0
        D:2 |      90 |       0 |   0.0 |      20 |       0 |   0.0
        D:3 |     156 |      58 |  27.1 |      19 |       2 |   9.5
        D:4 |     124 |     490 |  79.8 |      22 |       7 |  24.1
        D:5 |     502 |       0 |   0.0 |      15 |       0 |   0.0
            +---------+---------+-------+---------+---------+-------
